 Dungeon Crawl Stone Soup version 0.16-a0-4088-g7c8221e (webtiles) character file.

98665 dithyrambik the Black Sun (level 15, -1/98 HPs)
             Began as a Mummy Wizard on Feb 22, 2015.
             Was a High Priest of Kikubaaqudgha.
             Killed from afar by a starcursed mass (7 damage)
             ... with an accursed screaming
             ... on level 1 of the Abyss on Feb 23, 2015.
             The game lasted 11:07:41 (57969 turns).

dithyrambik the Black Sun (Mummy Wizard)           Turns: 57969, Time: 11:07:41

Health: -1/98      AC: 24    Str: 10    XL:     15   Next: 75%
Magic:  3/43       EV:  8    Int: 27    God:    Kikubaaqudgha [*****.]
Gold:   1442       SH:  0    Dex: 10    Spells: 12 memorised, 2 levels left

rFire  x . .     SeeInvis +     c - +0 dagger (protect)
rCold  + + +     Clarity  .     w - +1 ice dragon armour
rNeg   + + +     SustAb   .     (no shield)
rPois  ∞         Gourm    .     f - +3 hat of Pondering {ponderous, MR+ MP+10 Int+5}
rElec  .         Spirit   .     b - +2 cloak
rCorr  .         Warding  .     (no gloves)
rMut   .         Stasis   .     k - +0 pair of boots
MR     +++..                    N - amulet of faith
Stlth  ..........               T - ring of the Coward {MR+ SInv}
                                C - ring of protection from fire

@: slow, extremely resistant to hostile enchantments, extremely unstealthy
A: no food or potions, fire vulnerability, in touch with death, restore body,
cold resistance 1, negative energy resistance 3, poison resistance, torment
resistance, unbreathing
a: Self-Restoration, Receive Corpses, Torment, Renounce Religion


You were on level 1 of the Abyss.
You worshipped Kikubaaqudgha.
Kikubaaqudgha was extremely pleased with you.
You were not hungry.

You visited 4 branches of the dungeon, and saw 21 of its levels.
You visited the Abyss 1 time.
You also visited: Sewer.

You collected 1876 gold pieces.
You spent 434 gold pieces at shops.

Inventory:

Hand weapons
 c - a +0 dagger of protection (weapon)
 p - a +4 scimitar of flaming
 r - a +0 dagger of electrocution
 F - a +0 dagger of electrocution
Armour
 a - a +0 robe
 b - a +2 cloak (worn)
 f - the +3 hat of Pondering (worn) {ponderous, MR+ MP+10 Int+5}
   (You took it off Gastronok on level 1 of the Lair of Beasts)

   It affects your intelligence (+5).
   It affects your resistance to hostile enchantments.
   It affects your magic capacity (+10).
 k - a +0 pair of boots (worn)
 m - a +0 hat
 t - a +0 robe of magic resistance
 w - a +1 ice dragon armour (worn)
Jewellery
 e - a +3 ring of intelligence
 q - an uncursed amulet of stasis
 A - an uncursed ring of flight {unknown}
 C - a ring of protection from fire (left hand)
 N - an amulet of faith (around neck)
 T - the ring of the Coward (right hand) {MR+ SInv}
   (You bought it in a shop on level 9 of the Dungeon)

   [ring of protection from magic]

   It affects your resistance to hostile enchantments.
   It enhances your eyesight.
Magical devices
 j - a wand of lightning (4)
 o - a wand of cold (2)
 G - a wand of confusion (23)
 I - a wand of invisibility (0)
 M - a wand of disintegration (6)
 R - a wand of slowing (34)
Scrolls
 d - a scroll of recharging
 g - 4 scrolls of identify
 i - 7 scrolls of remove curse
 l - 2 scrolls of blinking
 n - a scroll of fear
 s - a scroll of amnesia
 v - a scroll of teleportation
 x - 3 scrolls of fog
 z - 3 scrolls of magic mapping
Books
 u - a Necronomicon

   Spells                             Type                      Level
   a - Haunt                          Necromancy/Summoning         7
   b - Borgnjor's Revivification      Necromancy                   8
   c - Death's Door                   Charms/Necromancy            8
   d - Necromutation                  Transmutation/Necromancy     8
 B - a book of Hinderance

   Spells                             Type                      Level
   a - Confusing Touch                Hexes                        2
   b - Confuse                        Hexes                        3
   c - Petrify                        Transmutation/Earth          4
   d - Metabolic Englaciation         Hexes/Ice                    5
   e - Gell's Gravitas                Hexes/Translocation          5
   f - Summon Mana Viper              Hexes/Summoning              5
 K - Kikubaaqudgha's Volume of Unholy Arts
   (Kikubaaqudgha gifted it to you on level 8 of the Dungeon)

   Spells                             Type                      Level
   a - Animate Skeleton               Necromancy                   1
   b - Pain                           Necromancy                   1
   c - Corpse Rot                     Necromancy                   2
   d - Vampiric Draining              Necromancy                   3
   e - Control Undead                 Necromancy                   4
 U - a book of Summonings

   Spells                             Type                      Level
   a - Abjuration                     Summoning                    3
   b - Recall                         Summoning/Translocation      3
   c - Shadow Creatures               Summoning                    5
   d - Summon Demon                   Summoning                    5
   e - Summon Forest                  Summoning/Translocation      5
   f - Monstrous Menagerie            Summoning                    6
 V - Kikubaaqudgha's Collected Works on Sinister Rituals
   (Kikubaaqudgha gifted it to you on level 7 of the Dungeon)

   Spells                             Type                      Level
   a - Animate Dead                   Necromancy                   4
   b - Bolt of Draining               Conjuration/Necromancy       5
   c - Agony                          Necromancy                   5
   d - Cigotuvi's Embrace             Necromancy                   5
   e - Dispel Undead                  Necromancy                   5
Miscellaneous
 h - a plain deck of defence
 y - a lamp of fire


   Skills:
 - Level 3.5 Fighting
 - Level 1.0(3.3) Short Blades
 - Level 5.1(5.2) Long Blades
 + Level 5.4 Armour
 - Level 1.7 Dodging
 - Level 1.5 Stealth
 - Level 12.2 Spellcasting
 - Level 4.5 Conjurations
 + Level 11.7 Summonings
 + Level 15.7 Necromancy
 - Level 2.6 Translocations
   Level 1.0 Fire Magic
 - Level 2.6 Air Magic
 - Level 2.1 Poison Magic
 - Level 5.6 Evocations


You had 2 spell levels left.
You knew the following spells:

 Your Spells              Type           Power        Failure   Level  Hunger
a - Pain                  Necr           ####         1%          1    N/A
b - Dispel Undead         Necr           ########     1%          5    N/A
c - Blink                 Tloc           N/A          17%         2    N/A
d - Mephitic Cloud        Conj/Pois/Air  ####....     24%         3    N/A
e - Agony                 Necr           ########     1%          5    N/A
f - Repel Missiles        Chrm/Air       ###...       30%         2    N/A
g - Animate Skeleton      Necr           N/A          1%          1    N/A
h - Control Undead        Necr           ########..   1%          4    N/A
i - Animate Dead          Necr           N/A          1%          4    N/A
j - Magic Dart            Conj           ####         4%          1    N/A
k - Recall                Summ/Tloc      N/A          6%          3    N/A
l - Shadow Creatures      Summ           N/A          10%         5    N/A

Dungeon Overview and Level Annotations

Branches:
Dungeon (9/15)             Temple (1/1) D:7            Lair (8/8) D:8
  Swamp (0/5) Lair:6       Spider (0/5) Lair:3        Slime (0/6) Lair:8
    Orc (3/4) D:9
    Elf: Orc:3-4

Altars:
Ashenzari
Cheibriados
Dithmenos
Elyvilon
Fedhas
Gozag
Kikubaaqudgha
Makhleb
Nemelex Xobeh
Okawaru
Qazlal
Ru
Sif Muna
Trog
Vehumet
Xom
Yredelemnul
Zin
The Shining One
Beogh
Jiyva

Shops:
D:7 }   D:9 =*   Orc:3 =


Innate Abilities, Weirdness & Mutations

You do not eat or drink.
Your flesh is vulnerable to fire.
You are in touch with the powers of death.
You can restore your body by infusing magical energy.
Your flesh is cold resistant.
You are immune to negative energy.
Your system is resistant to poisons.
You are immune to unholy pain and torment.
You can survive without breathing.


Message History

* * * LOW HITPOINT WARNING * * *
The starcursed mass engulfs your fire dragon zombie!
Your fire giant zombie hits the starcursed mass!
The starcursed mass shudders and is absorbed by its neighbour.
Your seven-headed hydra zombie bites the starcursed mass but does no damage. x4
Your seven-headed hydra zombie bites the starcursed mass.
The starcursed mass shudders and is absorbed by its neighbour.
Your fire dragon zombie bites the starcursed mass.
The starcursed mass shudders and is absorbed by its neighbour.
A chorus of shrieks assaults your mind.
* * * LOW HITPOINT WARNING * * *
A starcursed mass splits.
Your fire giant zombie hits the starcursed mass.
Unknown command.
Read which item? (? for menu, Esc to quit)
Okay, then.
A starcursed mass splits.
A chorus of shrieks assaults your mind.
You die...
Kikubaaqudgha rasps: "You have failed me!
Welcome... oblivion!"

.§..............§.
.§..§..........# . #
....§.§...§#..§. .§..
....#..§.X....... . #
........§§ZX..§.......
§.§....§.ZZ#§§....§...
..§.§..††....#.........
.............§#....§.§.
......ZZ@§.#....... .§
.
.......ZZZ.Z...§....§.
. .§#§.ZZ...§#...#.. #.
......§#Z.....#...§. .
....X.Z.Z....... . .
....X...#.#.§....§
......#.....§... .
......... . .§ .
....§.. .... .


You could see 4 starcursed masses, a friendly anaconda zombie, 2 friendly
seven-headed hydra zombies, a friendly fire dragon zombie, a friendly storm
dragon zombie, a friendly quicksilver dragon zombie, 2 friendly merfolk zombies,
2 friendly stone giant zombies, a friendly fire giant zombie, a friendly frost
giant zombie and 2 friendly titan zombies.

Vanquished Creatures
  Gastronok (Lair:1)
  An ettin (D:8)
  3 hydras
  Erica (Lair:6)
  A necromancer (Lair:7)
  2 orc sorcerers (Orc:2)
  A cyclops (Orc:3)
  2 griffons
  16 elephants
  Joseph (Lair:1)
  7 spiny frogs
  3 komodo dragons
  A fire drake (Lair:6)
  12 blink frogs
  18 yaks
  A trapdoor spider (Lair:3)
  3 deep elf magi (D:9)
  A hungry ghost (D:9)
  8 wolves
  5 soldier ants (Lair:4)
  4 swamp worms (Lair:6)
  7 hippogriffs
  9 water moccasins
  10 porcupines
  Purgy (D:3)
  3 ogres
  A sky beast (D:6)
  2 black bears
  2 ice beasts
  10 orc warriors
  2 necrophages (D:8)
  3 phantoms
  2 centaurs
  2 boring beetles (Lair:8)
  2 electric eels
  21 crocodiles
  A big kobold (D:8)
  7 giant frogs
  2 troll zombies (D:9)
  6 wights
  2 killer bees (D:8)
  A crimson imp (D:9)
  3 hounds
  10 iguanas
  9 orc priests
  A giant frog skeleton (D:7)
  Crazy Yiuf (D:3)
  A quasit (Orc:3)
  12 worker ants
  17 orc wizards
  13 sheep
  Robin (D:3)
  25 adders
  5 gnolls
  23 river rats
  A giant mite (D:4)
  2 white imps
  4 shadow imps
  2 worms
  An adder skeleton (D:4)
  4 giant geckos
  7 oozes
  83 orcs
  Natasha (D:4)
  5 ball pythons
  A bat skeleton (D:7)
  A bat zombie (D:5)
  10 giant cockroaches
  23 goblins
  20 hobgoblins
  5 jackals
  13 quokkas
  2 river rat zombies (Lair:5)
  17 bats
  2 giant gecko skeletons
  4 giant newts
  3 goblin zombies (D:9)
  2 hobgoblin zombies (D:9)
  27 kobolds
  A kobold skeleton (D:8)
  2 orc skeletons (D:9)
  4 orc zombies
  A quokka skeleton (D:6)
  25 rats
  A rat skeleton (D:8)
  A butterfly (Lair:3)
  3 plants (Lair:8)
587 creatures vanquished.

Vanquished Creatures (collateral kills)
  An ancient lich (Abyss:1)
  A profane servitor (Abyss:1)
  3 bone dragons (Abyss:1)
  A lich (Abyss:1)
  7 tentacled starspawn (Abyss:1)
  An Executioner (Abyss:1)
  A cacodemon (Abyss:1)
  A balrug (Abyss:1)
  6 dire elephants (Lair:8)
  A lorocyproca (Abyss:1)
  8 hydras
  The ghost of emiel the Carver, a powerful HEGl of Okawaru (Lair:2)
  An anaconda (Lair:8)
  4 death yaks
  A catoblepas (Lair:8)
  4 thrashing horrors (Abyss:1)
  5 wretched stars (Abyss:1)
  A shadow wraith (Abyss:1)
  3 spatial maelstroms (Abyss:1)
  An unseen horror (Abyss:1)
  A giant orange brain (Abyss:1)
  5 griffons
  3 orc sorcerers
  3 sixfirhies (Abyss:1)
  6 worldbinders (Abyss:1)
  A rust devil (Abyss:1)
  2 apocalypse crabs (Abyss:1)
  7 orange demons (Abyss:1)
  A queen ant (Lair:4)
  10 elephants
  6 black mambas
  11 spiny frogs
  4 komodo dragons
  5 smoke demons (Abyss:1)
  An efreet (Abyss:1)
  A tormentor (Abyss:1)
  3 fire drakes
  3 ancient zymes (Abyss:1)
  A hellwing (Abyss:1)
  A polar bear (Lair:8)
  A troll (Orc:3)
  A two-headed ogre (D:9)
  10 raiju (Abyss:1)
  14 blink frogs
  17 starcursed masses (Abyss:1)
  7 ynoxinuls (Abyss:1)
  4 basilisks
  A shadow (Abyss:1)
  35 yaks
  A wyvern (Lair:8)
  A hill giant zombie (D:9)
  2 fire bats (Abyss:1)
  8 hippogriffs
  A wraith (Abyss:1)
  A steam dragon (Lair:5)
  3 hungry ghosts
  19 wolves
  3 spatial vortices (Abyss:1)
  9 soldier ants (Lair:4)
  7 neqoxecs (Abyss:1)
  2 chaos spawn (Abyss:1)
  19 large abominations (Abyss:1)
  2 ice beasts (D:7)
  16 water moccasins
  3 sky beasts
  8 porcupines
  An eye of draining (Abyss:1)
  A phantom (D:9)
  A necrophage (D:9)
  2 boring beetles
  A centaur (D:9)
  4 ogres
  3 orc warriors
  6 crocodiles
  A komodo dragon zombie (Lair:6)
  7 big kobolds
  2 brain worms (Abyss:1)
  7 giant frogs
  A wyvern zombie (D:8)
  4 scorpions
  A gnoll sergeant (D:7)
  3 troll zombies (D:9)
  An electric eel (Lair:7)
  16 small abominations (Abyss:1)
  2 wights
  2 centaur zombies
  5 hounds
  6 orc priests
  3 crimson imps
  A giant frog skeleton (D:9)
  9 iron imps (Abyss:1)
  A jelly (D:5)
  3 quasits (Abyss:1)
  3 centaur skeletons
  7 iguanas
  6 orc wizards
  27 worker ants
  Natasha (twice) (D:4)
  3 yak simulacra (Lair:7)
  21 sheep
  4 polar bear simulacra (Lair:7)
  3 wolf simulacra (Lair:7)
  11 adders
  3 gnolls (D:7)
  67 river rats
  3 white imps (Abyss:1)
  3 shadow imps
  3 giant mites (D:4)
  20 ufetubi (Abyss:1)
  3 worms
  5 giant geckos
  33 orcs
  A bat skeleton (D:7)
  A giant cockroach (D:2)
  7 goblins
  5 hobgoblins
  A jackal (D:8)
  5 quokkas
  A ball python (Sewer)
  2 bats
  2 giant newts (D:5)
  A goblin skeleton (D:9)
  A goblin zombie (D:9)
  A jackal zombie (D:8)
  21 kobolds
  2 orc skeletons (D:9)
  4 orc zombies (D:9)
  2 rats
  A river rat simulacrum (Lair:7)
  A butterfly (Lair:4)
  9 fungi
  12 plants
  9 starspawn tentacles (Abyss:1)
732 creatures vanquished.

Vanquished Creatures (others)
  A quicksilver dragon zombie (Abyss:1)
  A storm dragon zombie (Abyss:1)
  A golden dragon zombie (Abyss:1)
  4 anaconda zombies
  A ghost moth zombie (Abyss:1)
  A wolf spider zombie (Abyss:1)
  5 frost giant zombies (Abyss:1)
  A stone giant zombie (Abyss:1)
  2 fire giant zombies (Abyss:1)
  2 dire elephant zombies (Abyss:1)
  An emperor scorpion zombie (Abyss:1)
  4 hydra zombies
  A minotaur zombie (Abyss:1)
  2 harpy zombies (Abyss:1)
  A catoblepas zombie (Lair:8)
  A trapdoor spider zombie (Lair:3)
  A griffon zombie (Lair:4)
  5 black mamba zombies
  A water moccasin (Lair:6)
  6 spiny frog zombies
  2 orc warriors (Orc:3)
  A snapping turtle zombie (Abyss:1)
  A manticore zombie (Abyss:1)
  4 blink frog zombies
  9 elephant zombies
  3 blink frog skeletons
  A fire drake zombie (Lair:5)
  2 komodo dragon zombies
  A cyclops zombie (Orc:3)
  A polar bear zombie (Lair:8)
  12 water moccasin zombies
  A spriggan zombie (Abyss:1)
  14 yak zombies
  2 troll zombies (Abyss:1)
  2 killer bees (D:8)
  3 hippogriff zombies
  A water moccasin skeleton (Lair:1)
  2 hippogriff skeletons
  4 yak skeletons
  6 wolf zombies
  63 crimson imps
  11 giant frog zombies
  2 boring beetle zombies (Lair:8)
  A human zombie (Abyss:1)
  10 iron imps
  10 soldier ant zombies (Lair:4)
  2 basilisk zombies
  A black bear zombie (Lair:6)
  A centaur skeleton (D:9)
  A two-headed ogre skeleton (D:9)
  2 giant frog skeletons
  An orc priest (Orc:3)
  A worker ant (Lair:4)
  6 sheep (Lair:6)
  2 human skeletons
  11 porcupine zombies
  A porcupine skeleton (Lair:1)
  A naga zombie (Abyss:1)
  15 crocodile zombies
  An ogre zombie (Orc:3)
  A crocodile skeleton (D:8)
  A hound skeleton (D:8)
  4 hound zombies
  3 ogre skeletons
  17 worker ant zombies (Lair:4)
  5 river rats (Lair:6)
  31 shadow imps
  55 white imps
  A steam dragon skeleton (Lair:5)
  A gnoll skeleton (D:7)
  6 iguana zombies
  13 sheep zombies
  8 adder zombies
  9 orcs
  A bat skeleton (D:8)
  A goblin (Orc:3)
  A ball python skeleton (D:7)
  2 goblin zombies
  A hobgoblin skeleton (D:9)
  A hobgoblin zombie (Orc:3)
  A jackal skeleton (D:8)
  13 kobold skeletons
  A lurking horror (Abyss:1)
  3 orc skeletons
  42 orc zombies
  2 quokka skeletons
  7 quokka zombies
  A rat skeleton (D:8)
  2 river rat skeletons
  27 river rat zombies
  13 fungi
  6 plants
  21 starspawn tentacles (Abyss:1)
  760 starspawn tentacle segments (Abyss:1)
1318 creatures vanquished.

Grand Total: 2637 creatures vanquished

Notes
Turn   | Place    | Note
--------------------------------------------------------------
     0 | D:1      | dithyrambik, the Mummy Wizard, began the quest for the Orb.
     0 | D:1      | Reached XP level 1. HP: 13/13 MP: 4/4
    37 | D:1      | Reached skill level 1 in Conjurations
   370 | D:1      | Reached XP level 2. HP: 19/19 MP: 1/6
   421 | D:1      | Learned a level 2 spell: Call Imp
   424 | D:1      | Learned a level 2 spell: Blink
   621 | D:1      | Reached skill level 1 in Translocations
  1486 | D:2      | Reached skill level 1 in Summonings
  1600 | D:2      | Found a bloodstained altar of Trog.
  1605 | D:2      | Found a sparkling altar of Nemelex Xobeh.
  1781 | D:2      | Found a shimmering altar of Xom.
  1908 | D:2      | Reached XP level 3. HP: 24/24 MP: 5/7
  1930 | D:2      | Learned a level 3 spell: Mephitic Cloud
  2966 | D:3      | Noticed a scorpion
  2983 | D:3      | Killed a scorpion
  2983 | D:3      | Reached XP level 4. HP: 30/30 MP: 2/9
  3734 | D:3      | Noticed Robin
  3750 | D:3      | Killed Robin
  3750 | D:3      | Reached skill level 1 in Air Magic
  3993 | D:3      | Reached XP level 5. HP: 35/35 MP: 3/11
  4321 | D:3      | Reached skill level 1 in Poison Magic
  4560 | D:3      | Found a radiant altar of Vehumet.
  4563 | D:3      | Found a burning altar of Makhleb.
  4839 | D:3      | Noticed Purgy
  5017 | D:4      | Found a shadowy altar of Dithmenos.
  5341 | D:4      | Found a glowing drain.
  5364 | Sewer    | Entered a sewer
  5633 | Sewer    | Reached XP level 6. HP: 35/41 MP: 7/12
  5815 | Sewer    | Learned a level 3 spell: Conjure Flame
  6710 | D:4      | Noticed Natasha
  6724 | D:4      | Killed Natasha
  6871 | D:4      | Noticed Natasha
  6873 | D:4      | Killed Natasha
  6974 | D:4      | Reached XP level 7. HP: 34/46 MP: 3/14
  7512 | D:4      | Noticed Natasha
  7515 | D:4      | Killed Natasha
  8108 | D:5      | Entered Level 5 of the Dungeon
  8708 | D:5      | Reached skill level 1 in Fighting
  8966 | D:5      | Found a white marble altar of Elyvilon.
  9961 | D:5      | Reached skill level 1 in Fire Magic
 10807 | D:6      | Reached skill level 1 in Short Blades
 10807 | D:6      | Reached XP level 8. HP: 55/57 MP: 14/17
 10829 | D:6      | Learned a level 2 spell: Repel Missiles
 11282 | D:3      | Killed Purgy
 11473 | D:3      | Noticed Crazy Yiuf
 11484 | D:3      | Killed Crazy Yiuf
 11907 | D:5      | Reached skill level 4 in Conjurations
 12215 | D:6      | Reached skill level 1 in Long Blades
 12354 | D:6      | Reached skill level 1 in Evocations
 13186 | D:7      | Found Saast's Gadget Emporium.
 13218 | D:7      | Found a shadowy altar of Dithmenos.
 13759 | D:7      | Found a staircase to the Ecumenical Temple.
 13765 | Temple   | Entered the Ecumenical Temple
 13888 | Temple   | Became a worshipper of Kikubaaqudgha
 15211 | D:7      | Reached XP level 9. HP: 51/64 MP: 13/18
 15296 | D:7      | Found a glowing silver altar of Zin.
 15413 | D:7      | Reached skill level 1 in Necromancy
 15534 | D:8      | Found a sacrificial altar of Ru.
 15642 | D:8      | Acquired Kikubaaqudgha's first power
 15642 | D:8      | Received a gift from Kikubaaqudgha
 15643 | D:8      | Identified Kikubaaqudgha's Volume of Unholy Arts (Kikubaaqudgha gifted it to you on level 8 of the Dungeon)
 15685 | D:8      | Learned a level 1 spell: Animate Skeleton
 16351 | D:8      | Reached skill level 5 in Summonings
 16977 | D:8      | Found a staircase to the Lair.
 17537 | D:8      | Reached XP level 10. HP: 68/70 MP: 16/20
 18164 | D:8      | Acquired Kikubaaqudgha's second power
 19183 | D:9      | Found Gozag's Platinum Reserve.
 19192 | D:9      | Found an opulent altar of Gozag.
 19341 | D:8      | Reached skill level 6 in Summonings
 19553 | D:9      | Found Hiaqyvow's Jewellery Boutique.
 20132 | D:9      | Reached skill level 5 in Necromancy
 20132 | D:9      | Reached skill level 5 in Evocations
 20396 | D:9      | Learned a level 4 spell: Control Undead
 20452 | D:9      | Found a staircase to the Orcish Mines.
 21643 | D:9      | Got an iridescent morningstar
 21644 | D:9      | Identified the +12 morningstar "Dedaxkah" {venom, Noisy +Rage rN+++ Int-4 Stlth+} (You found it on level 9 of the Dungeon)
 21730 | D:9      | Found a runed door.
 22155 | D:9      | Bought the ring of the Coward {MR+ SInv} for 434 gold pieces
 22255 | D:9      | Noticed an unseen horror
 22409 | D:9      | Reached skill level 5 in Spellcasting
 22409 | D:9      | Reached skill level 5 in Long Blades
 23145 | D:7      | Received a gift from Kikubaaqudgha
 23148 | D:7      | Identified Kikubaaqudgha's Collected Works on Sinister Rituals (Kikubaaqudgha gifted it to you on level 7 of the Dungeon)
 23826 | Orc:1    | Entered Level 1 of the Orcish Mines
 24333 | Lair:1   | Entered Level 1 of the Lair of Beasts
 24443 | Lair:1   | Noticed Joseph
 24793 | Lair:1   | Reached XP level 11. HP: 56/75 MP: 16/23
 24811 | Lair:1   | Killed Joseph
 25005 | Lair:1   | Your ally Joseph died
 25332 | Lair:1   | Noticed a black mamba
 25349 | Lair:1   | Killed a black mamba
 25572 | Lair:1   | Reached skill level 7 in Necromancy
 25831 | Lair:1   | Learned a level 4 spell: Animate Dead
 25944 | Lair:1   | Noticed Gastronok
 25947 | Lair:1   | Noticed a black mamba
 25957 | Lair:1   | Killed a black mamba
 26366 | Lair:1   | Killed Gastronok
 27714 | Lair:1   | Reached skill level 8 in Necromancy
 27742 | Lair:2   | Acquired Kikubaaqudgha's third power
 28087 | Lair:2   | Noticed emiel's ghost (powerful HEGl)
 28110 | Lair:2   | Killed emiel's ghost
 28176 | Lair:2   | Learned a level 3 spell: Recall
 29197 | Lair:2   | Learned a level 5 spell: Agony
 29199 | Lair:2   | Learned a level 1 spell: Pain
 29654 | Lair:3   | Found a hole to the Spider Nest.
 30035 | Lair:3   | Noticed a four-headed hydra
 30307 | Lair:3   | Killed a four-headed hydra
 30384 | Lair:3   | Reached skill level 9 in Necromancy
 30556 | Lair:3   | Found a glowing golden altar of the Shining One.
 31118 | Lair:3   | Noticed a death yak
 31119 | Lair:3   | Noticed a death yak
 31119 | Lair:3   | Noticed a death yak
 31120 | Lair:3   | Noticed a death yak
 31126 | Lair:3   | Noticed a death yak
 31128 | Lair:3   | Noticed a death yak
 31264 | Lair:2   | Upgraded the game from 0.16-a0-4083-g5af668b to 0.16-a0-4088-g7c8221e
 31391 | Lair:4   | Acquired Kikubaaqudgha's fourth power
 31422 | Lair:4   | Reached XP level 12. HP: 33/81 MP: 4/29
 33201 | Lair:4   | Reached skill level 10 in Necromancy
 34375 | Lair:4   | Reached skill level 10 in Spellcasting
 35397 | Lair:4   | Reached skill level 11 in Necromancy
 36080 | Lair:4   | Noticed a six-headed hydra
 36084 | Lair:4   | Killed a six-headed hydra
 36165 | Lair:5   | Noticed a five-headed hydra
 36175 | Lair:4   | Killed a five-headed hydra
 36727 | Lair:4   | Identified a scroll of acquirement
 37370 | Lair:5   | Reached XP level 13. HP: 74/87 MP: 18/32
 37501 | Lair:5   | Learned a level 3 spell: Recall
 37833 | D:8      | Noticed an ettin
 37849 | D:8      | Killed an ettin
 37972 | Temple   | Received a gift from Kikubaaqudgha
 37983 | Temple   | Learned a level 5 spell: Shadow Creatures
 39558 | Orc:2    | Noticed an orc sorcerer
 39560 | Orc:2    | Noticed an orc sorcerer
 39563 | Orc:2    | Killed an orc sorcerer
 39563 | Orc:2    | Reached skill level 12 in Necromancy
 39569 | Orc:2    | Killed an orc sorcerer
 39743 | Orc:2    | Noticed an orc sorcerer
 39753 | Orc:2    | Killed an orc sorcerer
 40380 | Orc:3    | Found Sazo's Jewellery Boutique.
 40513 | Orc:3    | Found a roughly hewn altar of Beogh.
 40551 | Orc:3    | Noticed an orc warlord
 46453 | Lair:6   | Noticed Erica
 46488 | Lair:6   | Killed Erica
 47035 | Lair:6   | Found a staircase to the Swamp.
 47079 | Lair:6   | Your ally Erica died
 47509 | Lair:6   | Reached skill level 13 in Necromancy
 48839 | Lair:7   | Reached XP level 14. HP: 86/93 MP: 26/34
 50951 | Lair:8   | Entered Level 8 of the Lair of Beasts
 51804 | Lair:8   | Found a staircase to the Slime Pits.
 51806 | Lair:8   | Found a viscous altar of Jiyva.
 52673 | Lair:8   | Reached skill level 14 in Necromancy
 54016 | Lair:8   | Reached skill level 10 in Summonings
 54716 | Lair:8   | Got an ichor-stained battleaxe
 54717 | Lair:8   | Identified the cursed +3 battleaxe of Demand {chop, Dex+5} (You found it on level 8 of the Lair of Beasts)
 56554 | Orc:1    | Cast into the Abyss (orc priest)
 56699 | Abyss:1  | Reached skill level 1 in Armour
 56728 | Abyss:1  | Noticed a tentacled starspawn
 56732 | Abyss:1  | Killed a tentacled starspawn
 56760 | Abyss:1  | Found a shimmering altar of Xom.
 57081 | Abyss:1  | Noticed a tentacled starspawn
 57094 | Abyss:1  | Killed a tentacled starspawn
 57102 | Abyss:1  | Reached XP level 15. HP: 47/98 MP: 31/34
 57118 | Abyss:1  | Noticed a cacodemon
 57123 | Abyss:1  | Killed a cacodemon
 57150 | Abyss:1  | Noticed a tentacled starspawn
 57161 | Abyss:1  | Killed a tentacled starspawn
 57235 | Abyss:1  | Found a corrupted altar of Lugonu.
 57245 | Abyss:1  | Reached skill level 15 in Necromancy
 57276 | Abyss:1  | Noticed a tentacled starspawn
 57289 | Abyss:1  | Killed a tentacled starspawn
 57592 | Abyss:1  | Noticed a bone dragon
 57602 | Abyss:1  | Killed a bone dragon
 57647 | Abyss:1  | Noticed a tentacled starspawn
 57652 | Abyss:1  | Lost dexterity.
 57655 | Abyss:1  | Killed a tentacled starspawn
 57665 | Abyss:1  | Noticed a tentacled starspawn
 57672 | Abyss:1  | Killed a tentacled starspawn
 57681 | Abyss:1  | Noticed a lich
 57695 | Abyss:1  | Killed a lich
 57762 | Abyss:1  | Noticed a profane servitor
 57766 | Abyss:1  | Killed a profane servitor
 57772 | Abyss:1  | Noticed an Executioner
 57775 | Abyss:1  | Killed an Executioner
 57780 | Abyss:1  | Learned a level 5 spell: Dispel Undead
 57830 | Abyss:1  | Noticed a bone dragon
 57844 | Abyss:1  | Killed a bone dragon
 57874 | Abyss:1  | Killed a tentacled starspawn
 57887 | Abyss:1  | Noticed an ancient lich
 57890 | Abyss:1  | Noticed a Shadow Fiend
 57896 | Abyss:1  | Killed an ancient lich
 57896 | Abyss:1  | Reached skill level 5 in Armour
 57902 | Abyss:1  | Noticed a bone dragon
 57910 | Abyss:1  | Killed a bone dragon
 57960 | Abyss:1  | Paralysed by accursed screaming for 1 turns
 57966 | Abyss:1  | Paralysed by accursed screaming for 1 turns
 57969 | Abyss:1  | Killed from afar by a starcursed mass

Action                   |  1- 3 |  4- 6 |  7- 9 | 10-12 | 13-15 || total
-------------------------+-------+-------+-------+-------+-------++-------
Melee: Spear             |    36 |    27 |     2 |       |       ||    65
       Dagger            |       |    19 |   254 |   554 |   471 ||  1298
       Short sword       |       |     2 |     6 |     6 |       ||    14
       Unarmed           |       |       |     6 |       |       ||     6
       Falchion          |       |       |       |       |    93 ||    93
 Fire: Hunting sling     |       |    14 |     9 |       |       ||    23
 Cast: Magic Dart        |    78 |   161 |   288 |   198 |    21 ||   746
       Call Imp          |     9 |    47 |   156 |   251 |       ||   463
       Mephitic Cloud    |       |     1 |    43 |    32 |    15 ||    91
       Blink             |       |       |     1 |     2 |       ||     3
       Repel Missiles    |       |       |     2 |     1 |       ||     3
       Animate Skeleton  |       |       |     8 |    43 |       ||    51
       Conjure Flame     |       |       |     4 |     2 |       ||     6
       Control Undead    |       |       |       |    11 |     3 ||    14
       Pain              |       |       |       |   215 |   433 ||   648
       Animate Dead      |       |       |       |    76 |   170 ||   246
       Agony             |       |       |       |   134 |   329 ||   463
       Recall            |       |       |       |     6 |    54 ||    60
       Shadow Creatures  |       |       |       |       |    19 ||    19
       Dispel Undead     |       |       |       |       |     2 ||     2
Invok: Receive Corpses   |       |       |       |     3 |    53 ||    56
       Torment           |       |       |       |     1 |     1 ||     2
 Abil: Self-Restoration  |       |       |       |       |     1 ||     1
Evoke: Wand              |       |       |     2 |    14 |     6 ||    22
  Use: Scroll            |     7 |     1 |     4 |    17 |     7 ||    36
 Stab: Confused          |       |       |     9 |    10 |     1 ||    20
       Distracted        |       |       |     1 |     5 |     2 ||     8
       Sleeping          |       |       |       |     2 |       ||     2
